[Event "ICC tourney 3131 (30 10)"]
[Site "Internet Chess Club"]
[Date "2023.02.25"]
[Round "5"]
[White "Lin, James:MeLikeGame"]
[Black "WILSON, DARRYL J:Combo4U2"]
[Result "1-0"]
[ICCResult "Black checkmated"]
[WhiteElo "1339"]
[BlackElo "1252"]
[Opening "Queen's pawn"]
[ECO "A40"]
[NIC "QO.17"]
[Time "20:02:02"]
[PlyCount "135"]
[TimeControl "1800+10"]

1. d4 e6 2. c4 c6 3. Nf3 d5 4. g3 Ne7 5. Bg2 Nd7 6. O-O Ng6 7. b3 Be7 8. Bb2
O-O 9. Nbd2 f5 10. Qc2 Qc7 11. Rac1 f4 12. e3 fxe3 13. fxe3 Nf6 14. e4 dxe4
15. Nxe4 Ng4 16. Qe2 e5 17. dxe5 Bf5 18. Ned2 Rad8 19. Nd4 Bc5 20. Nf3 N4xe5
21. Kh1 Bd3 22. Qe1 Bxf1 23. Qxf1 Nxf3 24. Nxf3 Be3 25. Re1 Bh6 26. Qg1 Qa5
27. a3 Bd2 28. b4 Qb6 29. c5 Qc7 30. Re2 Bh6 31. Nd4 Qf7 32. Ne6 Rd2 33.
Rxd2 Bxd2 34. Nxf8 Qxf8 35. Qd4 Bh6 36. Qe4 Qd8 37. Qe2 Qe7 38. Qc4+ Kh8 39.
Qf1 Qf8 40. Qd1 Qf2 41. Qd8+ Nf8 42. Bc3 Be3 43. Qd1 Ne6 44. Bh3 Nf8 45. Qf1
Qxf1+ 46. Bxf1 Ne6 47. Kg2 Bc1 48. a4 Ng5 49. Bd3 Kg8 50. b5 cxb5 51. axb5
g6 52. c6 bxc6 53. bxc6 Kf8 54. c7 Be3 55. c8=Q+ Ke7 56. Bb4+ Kf6 57. Qf8+
Nf7 58. Bc4 Ke5 59. Qxf7 Bb6 60. Qd5+ Kf6 61. Bc3+ Ke7 62. Qe6+ Kd8 63. Bf6+
Kc7 64. Bb5 Kb7 65. Qc6+ Kb8 66. Be5+ Bc7 67. Bxc7+ Kc8 68. Ba6#
{Black checkmated}
1-0

[Event "ICC tourney 3131 (30 10)"]
[Site "Internet Chess Club"]
[Date "2023.02.25"]
[Round "5"]
[White "KRIGER, DMITRIY:dkriger"]
[Black "HAMLETT, JAMES MORRISON:Hamlett144"]
[Result "1-0"]
[ICCResult "Black resigns"]
[WhiteElo "917"]
[BlackElo "1200"]
[Opening "Queen's Indian defense"]
[ECO "A47"]
[NIC "QP.06"]
[Time "20:02:09"]
[PlyCount "57"]
[TimeControl "1800+10"]

1. d4 Nf6 2. Nf3 b6 3. e3 Bb7 4. Nbd2 e6 5. b3 c5 6. Bb2 Nc6 7. Bd3 Nb4 8.
Bc4 d5 9. Bb5+ Nc6 10. Ne5 Rc8 11. O-O a6 12. Bxc6+ Bxc6 13. f4 h5 14. Ndf3
Bd6 15. h3 Ne4 16. c4 Ng3 17. Re1 f6 18. Ng6 Rh6 19. Nfh4 Kf7 20. Qf3 Ne4
21. f5 e5 22. dxe5 fxe5 23. Bxe5 d4 24. exd4 Ng5 25. Qf4 Bxe5 26. Nxe5+ Kg8
27. Nxc6 Rcxc6 28. d5 Rcf6 29. Qxg5 {Black resigns} 1-0

[Event "ICC tourney 3131 (30 10)"]
[Site "Internet Chess Club"]
[Date "2023.02.25"]
[Round "5"]
[White "procopio, Patti:prostripe"]
[Black "ASKEW, GEORGE:BlueStorm"]
[Result "0-1"]
[ICCResult "White checkmated"]
[WhiteElo "1021"]
[BlackElo "1322"]
[Opening "Queen's pawn"]
[ECO "A40"]
[NIC "QO.17"]
[Time "20:02:06"]
[PlyCount "68"]
[TimeControl "1800+10"]

1. d4 c6 2. Nf3 d5 3. Bf4 Nf6 4. c3 Nh5 5. Bxb8 Rxb8 6. e3 Bg4 7. Be2 Nf6 8.
Nbd2 e6 9. h3 Bh5 10. Qa4 Bd6 11. Qxa7 Qc7 12. Qa4 O-O 13. Qc2 Rfe8 14. c4
dxc4 15. Nxc4 Bb4+ 16. Ncd2 Bg6 17. Bd3 Bxd3 18. Qxd3 Rbd8 19. O-O e5 20.
Qc4 Bxd2 21. Nxd2 exd4 22. exd4 Qf4 23. Nf3 Re4 24. Rad1 g5 25. Ne5 Rxe5 26.
g3 Qe4 27. Rde1 Qxe1 28. Rxe1 Rxe1+ 29. Kg2 Rde8 30. Qa4 R1e2 31. Qa3 Ne4
32. Kg1 Nxf2 33. Qc5 Nxh3+ 34. Kf1 Rf2# {White checkmated} 0-1

[Event "ICC tourney 3131 (30 10)"]
[Site "Internet Chess Club"]
[Date "2023.02.25"]
[Round "5"]
[White "BHOSALE, ARNAV:avbhosale"]
[Black "DATTA, GAURAV D:Geebz76"]
[Result "1-0"]
[ICCResult "Black resigns"]
[WhiteElo "914"]
[BlackElo "1302"]
[Opening "French: exchange variation"]
[ECO "C01"]
[NIC "FR.01"]
[Time "20:02:05"]
[PlyCount "103"]
[TimeControl "1800+10"]

1. e4 e6 2. d4 d5 3. exd5 exd5 4. c4 Bb4+ 5. Bd2 Bxd2+ 6. Qxd2 Nf6 7. Nc3
O-O 8. cxd5 Nxd5 9. Be2 Be6 10. Nf3 Nc6 11. O-O Re8 12. Rfe1 Nce7 13. Rac1
c6 14. Ng5 Bd7 15. Bf3 h6 16. Bxd5 Nxd5 17. Rxe8+ Bxe8 18. Nf3 f6 19. Ne1
Bf7 20. b3 Qa5 21. Qb2 Re8 22. Nd3 Bg6 23. b4 Qa6 24. Nc5 Qc4 25. Nxd5 Re2
26. Nxf6+ gxf6 27. Qb3 Qxb3 28. Nxb3 Rxa2 29. Na5 Rb2 30. Nxb7 Rxb4 31. Na5
Be4 32. f3 Bd5 33. Nxc6 Bxc6 34. Rxc6 Rxd4 35. Rxf6 Kg7 36. Ra6 Rd7 37. g4
Rf7 38. Kg2 Kh7 39. Kg3 Kg7 40. h4 Kh7 41. f4 Kg7 42. g5 hxg5 43. hxg5 Rb7
44. Kg4 Rc7 45. Kh5 Rb7 46. f5 Kg8 47. g6 Kg7 48. f6+ Kg8 49. Kh6 Rc7 50.
f7+ Kf8 51. Kh7 Rc1 52. g7+ {Black resigns} 1-0

[Event "ICC tourney 3131 (30 10)"]
[Site "Internet Chess Club"]
[Date "2023.02.25"]
[Round "5"]
[White "STINSON, RUSSELL:rcstinson"]
[Black "ZHANG, LOUIS:louis3400"]
[Result "1-0"]
[ICCResult "Black checkmated"]
[WhiteElo "1362"]
[BlackElo "1256"]
[Opening "Nimzovich-Larsen attack: classical variation"]
[ECO "A01"]
[NIC "VO.08"]
[Time "20:02:07"]
[PlyCount "151"]
[TimeControl "1800+10"]

1. b3 d5 2. Bb2 c5 3. e3 Nc6 4. f4 e6 5. Nf3 Nf6 6. Bb5 Bd7 7. Qe2 a6 8.
Bxc6 Bxc6 9. d3 Bd6 10. Ne5 Bc7 11. Nd2 Ba5 12. O-O-O d4 13. Ndc4 Rc8 14.
exd4 cxd4 15. Nxa5 Qxa5 16. Kb1 Qc5 17. Nc4 b5 18. Ba3 b4 19. Bb2 Bd5 20.
Qf2 Ng4 21. Qg3 Ne3 22. Qxg7 Rf8 23. Bxd4 Nf5 24. Bxc5 Nxg7 25. Bxf8 Kxf8
26. Nb6 Rd8 27. Nxd5 Rxd5 28. Rde1 Nf5 29. Re5 Rd6 30. g4 Nd4 31. Rc5 Ne2
32. Rc8+ Kg7 33. Rf1 Nc3+ 34. Kb2 Rd5 35. Rxc3 bxc3+ 36. Kxc3 Rc5+ 37. Kd2
f5 38. g5 Kg6 39. Re1 Rc6 40. c4 Kh5 41. Kc3 Kg4 42. Rf1 Rd6 43. d4 Rd8 44.
c5 Rd5 45. Kc4 Rd7 46. b4 Rc7 47. d5 exd5+ 48. Kxd5 Re7 49. Kd6 Re4 50. c6
Rxb4 51. c7 Rc4 52. Kd7 Kh3 53. c8=Q Rxc8 54. Kxc8 Kxh2 55. Rd1 Kg3 56. Rd7
Kxf4 57. Rxh7 Kxg5 58. Ra7 f4 59. Rxa6 f3 60. Rb6 Kf4 61. Rf6+ Ke3 62. a4 f2
63. a5 Ke2 64. a6 f1=Q 65. Rxf1 Kxf1 66. a7 Ke2 67. a8=Q Kd3 68. Kd7 Kd4 69.
Kd6 Kc4 70. Qd5+ Kc3 71. Kc5 Kc2 72. Kc4 Kb2 73. Qd3 Kc1 74. Qe2 Kb1 75. Kb3
Ka1 76. Qa2# {Black checkmated} 1-0

[Event "ICC tourney 3131 (30 10)"]
[Site "Internet Chess Club"]
[Date "2023.02.25"]
[Round "5"]
[White "Kale, Shubham:shubham07"]
[Black "ANGELCHIK, JACOB:t105mm"]
[Result "0-1"]
[ICCResult "White forfeits on time"]
[WhiteElo "1311"]
[BlackElo "1136"]
[Opening "English opening"]
[ECO "A16"]
[NIC "EO.61"]
[Time "20:02:14"]
[PlyCount "60"]
[TimeControl "1800+10"]

1. c4 Nf6 2. Nc3 c6 3. e4 d6 4. g3 g6 5. Bg2 Bg7 6. Nge2 Nbd7 7. O-O O-O 8.
h3 Ne5 9. d3 Bd7 10. f4 Qb6+ 11. Kh1 Neg4 12. hxg4 Nxg4 13. Qe1 Qa5 14. Bh3
Qh5 15. Kg2 Ne3+ 16. Bxe3 Bxh3+ 17. Kg1 Bxf1 18. Qxf1 e5 19. Qg2 f5 20. Kf2
exf4 21. gxf4 fxe4 22. Nxe4 d5 23. Rh1 Qe5 24. Bd4 Qc7 25. Bxg7 Rxf4+ 26.
Nxf4 Qxf4+ 27. Kg1 Kxg7 28. Ng5 Re8 29. Nf3 Re3 30. Rh3 Rxd3
{White forfeits on time}
0-1

[Event "ICC tourney 3131 (30 10)"]
[Site "Internet Chess Club"]
[Date "2023.02.25"]
[Round "5"]
[White "ENGTRO, GEIR:Gengeng"]
[Black "GAW, ZACHARY:zman-g"]
[Result "1-0"]
[ICCResult "Black checkmated"]
[WhiteElo "894"]
[BlackElo "972"]
[Opening "QGD Slav: 4.Nc3"]
[ECO "D15"]
[NIC "SL.03"]
[Time "20:02:03"]
[PlyCount "157"]
[TimeControl "1800+10"]

1. d4 d5 2. c4 c6 3. Nc3 Nf6 4. Nf3 Bf5 5. Bg5 e6 6. e3 Be7 7. Be2 Nbd7 8.
O-O h6 9. Bh4 O-O 10. c5 Ne4 11. Bxe7 Qxe7 12. h4 Nxc3 13. bxc3 Bg4 14. g3
Bh3 15. Re1 Nf6 16. Bf1 Bxf1 17. Kxf1 Ne4 18. Qd3 Rfe8 19. h5 Ng5 20. Kg2
Nxf3 21. Kxf3 Qf6+ 22. Kg2 e5 23. e4 exd4 24. cxd4 dxe4 25. Rxe4 Rxe4 26.
Qxe4 Rd8 27. Rd1 Qg5 28. g4 Qd5 29. f3 Qxa2+ 30. Kg3 Qd5 31. Qe7 Qd7 32. Qe4
Re8 33. Qf4 Re7 34. Rb1 Qc7 35. Rd1 Qxf4+ 36. Kxf4 Kf8 37. Rd3 Ke8 38. Ra3
a6 39. g5 Rd7 40. Ra4 Ke7 41. gxh6 gxh6 42. Kg4 Ke6 43. f4 Kd5 44. Kf5 Re7
45. Kf6 Re4 46. Kxf7 Rxf4+ 47. Kg6 Rxd4 48. Rxd4+ Kxd4 49. Kxh6 a5 50. Kg6
Kxc5 51. h6 a4 52. h7 a3 53. h8=Q b5 54. Qc3+ Kb6 55. Qxa3 c5 56. Kf5 b4 57.
Qb2 Kb5 58. Ke4 c4 59. Ke3 c3 60. Qb3 Kc5 61. Kd3 Kb5 62. Kc2 Kc5 63. Kb1
Kb5 64. Ka2 Kc5 65. Qf7 Kd4 66. Kb3 Ke3 67. Qd5 Ke2 68. Qd4 Ke1 69. Qxb4 Kd2
70. Qxc3+ Ke2 71. Kc4 Kf2 72. Qd3 Kg2 73. Kd4 Kf2 74. Ke4 Kg2 75. Kf4 Kf2
76. Qd2+ Kg1 77. Qe2 Kh1 78. Kg3 Kg1 79. Qg2# {Black checkmated} 1-0

[Event "ICC tourney 3131 (30 10)"]
[Site "Internet Chess Club"]
[Date "2023.02.25"]
[Round "5"]
[White "LIN, CARL:K01-17110834"]
[Black "GAW, CHRISTIAN:cman-g"]
[Result "1-0"]
[ICCResult "Black checkmated"]
[WhiteElo "1237"]
[BlackElo "992"]
[Opening "Giuoco Piano"]
[ECO "C54"]
[NIC "IG.02"]
[Time "20:02:07"]
[PlyCount "167"]
[TimeControl "1800+10"]

1. e4 e5 2. Nf3 Nc6 3. Bc4 Bc5 4. c3 Nf6 5. d4 exd4 6. cxd4 Bb4+ 7. Bd2
Bxd2+ 8. Nbxd2 Qe7 9. O-O O-O 10. Re1 Qb4 11. Qb3 Qxb3 12. Bxb3 Re8 13. e5
Ng4 14. h3 Nh6 15. a3 Nf5 16. d5 Ncd4 17. Rac1 Nxb3 18. Nxb3 c6 19. d6 b6
20. Nbd4 Nxd4 21. Nxd4 Ba6 22. Nf5 Kf8 23. f4 Re6 24. Kf2 f6 25. Ne7 fxe5
26. fxe5 Kf7 27. Rc3 Rf8 28. Rf3+ Ke8 29. Rxf8+ Kxf8 30. Re3 Ke8 31. Kf3 Bb7
32. Kf4 c5 33. Rg3 g6 34. h4 Kf7 35. Rg5 b5 36. h5 gxh5 37. Rxh5 Kg7 38. g4
h6 39. Nf5+ Kh7 40. g5 b4 41. axb4 cxb4 42. Rxh6+ Rxh6 43. gxh6 Bc6 44. Ke3
a5 45. Kd4 a4 46. Ne7 Bb5 47. Kc5 a3 48. Kxb5 axb2 49. e6 b1=Q 50. exd7 Qd3+
51. Kc6 Qa6+ 52. Kc7 Qa7+ 53. Kd8 Qb8+ 54. Nc8 b3 55. Ke7 b2 56. d8=Q b1=Q
57. Qf8 Qe4+ 58. Kd8 Qh4+ 59. Qe7+ Qxe7+ 60. dxe7 Qb7 61. e8=Q Qd5+ 62. Kc7
Qc5+ 63. Kb8 Qb4+ 64. Ka8 Qa5+ 65. Na7 Qd5+ 66. Kb8 Qd6+ 67. Ka8 Qd5+ 68.
Nc6 Qa2+ 69. Kb7 Qb3+ 70. Kc7 Qg3+ 71. Ne5 Qc3+ 72. Nc6 Qg3+ 73. Kd8 Qd3+
74. Kc8 Qh3+ 75. Kd8 Qd3+ 76. Kc7 Qg3+ 77. Ne5 Qc3+ 78. Kd6 Qb4+ 79. Ke6
Qb6+ 80. Kf7 Qc7+ 81. Nd7 Qf4+ 82. Nf6+ Kxh6 83. Qh8+ Kg5 84. Qh5#
{Black checkmated}
1-0

[Event "ICC tourney 3131 (30 10)"]
[Site "Internet Chess Club"]
[Date "2023.02.25"]
[Round "5"]
[White "ANGEL, BORYS:BArkadia"]
[Black "JAIN, PIYUSH:Piyush786"]
[Result "0-1"]
[ICCResult "White resigns"]
[WhiteElo "1399"]
[BlackElo "1550"]
[Opening "Scandinavian defense"]
[ECO "B01"]
[NIC "SD.03"]
[Time "20:02:13"]
[PlyCount "162"]
[TimeControl "1800+10"]

1. e4 d5 2. exd5 Nf6 3. Nf3 Nxd5 4. g3 Nc6 5. Bg2 e5 6. O-O Be6 7. d3 Qd7 8.
Re1 f6 9. a3 O-O-O 10. b4 h5 11. c4 Nb6 12. b5 Nd4 13. a4 Nf5 14. a5 Nxc4
15. b6 cxb6 16. axb6 a6 17. Bf1 Kb8 18. Nc3 Nxb6 19. Ba3 h4 20. Ne4 hxg3 21.
fxg3 Nd5 22. Bxf8 Rdxf8 23. Qb1 Qb5 24. Qxb5 axb5 25. Reb1 b4 26. Nc5 Bc8
27. Nd2 b6 28. Na4 Nfe3 29. Nxb6 Nxb6 30. Rxb4 Nd5 31. Rb5 Bd7 32. Rb2 Kc7
33. Rc1+ Kd8 34. Ne4 Ke7 35. Bg2 Rc8 36. Rcb1 Rc6 37. Nd2 Rhc8 38. Nc4 Nxc4
39. dxc4 Nc3 40. Bxc6 Rxc6 41. Rc1 Ne4 42. Kf1 Bh3+ 43. Ke2 Nc5 44. Ra1 Bg4+
45. Ke3 Rc7 46. Ra5 Be6 47. Rb4 f5 48. Rbb5 Nd7 49. c5 Nf6 50. Ra6 Bc4 51.
Rxf6 Kxf6 52. Rb6+ Kg5 53. h4+ Kh5 54. c6 Bd5 55. Rb5 Bxc6 56. Rxe5 Be4 57.
Kf4 Bb1 58. g4+ Kxh4 59. gxf5 Rc4+ 60. Ke3 Kg5 61. Re7 Kf6 62. Rb7 Bxf5 63.
Kf2 Rc2+ 64. Kg3 Rc3+ 65. Kf2 g5 66. Rb6+ Be6 67. Rb5 g4 68. Ra5 Bf5 69. Rb5
Kg5 70. Ra5 g3+ 71. Kg2 Kf4 72. Ra1 Be4+ 73. Kg1 Kf3 74. Rf1+ Kg4 75. Re1
Kh3 76. Ra1 Rc2 77. Re1 Rg2+ 78. Kf1 Bd3+ 79. Re2 Bxe2+ 80. Ke1 Ba6 81. Kd1
Rf2 {White resigns} 0-1